[Event "Alekhine"]
[Site "Gatineau CAN"]
[Date "2023.01.17"]
[Round "1"]
[White "Desjardins, Michel"]
[Black "Scrieciu, Cristian"]
[Result "1-0"]
[ECO "B13"]
[WhiteElo "1852"]
[BlackElo "1467"]
[Annotator ",User"]
[PlyCount "115"]
[EventDate "2023.01.17"]
[EventType "swiss"]
[EventRounds "7"]
[EventCountry "CAN"]
[TimeControl "240+2"]

1. e4 c6 2. d4 d5 3. exd5 cxd5 4. Bd3 Nc6 5. c3 Nf6 6. Bf4 Bg4 7. Qb3 Qd7 8.
Nd2 e6 9. Ngf3 Bxf3 10. Nxf3 a6 11. O-O Be7 12. Rae1 Nh5 13. Bd2 O-O 14. Qc2 h6
15. Ne5 Qc7 16. Qd1 Nf6 17. Bb1 Rfc8 18. f4 Qb6 19. Bc1 a5 20. Kh1 a4 21. Re3
a3 22. b3 Na5 23. Bc2 Ne4 24. b4 Nc4 25. Rh3 Bf6 26. Qh5 Qc7 27. Ng4 Kf8 28. f5
e5 29. Bxe4 dxe4 30. dxe5 Nxe5 31. Nxf6 gxf6 32. Bxh6+ Ke7 33. Qe2 Qc4 34. Re1
Qxe2 35. Rxe2 Rc4 36. Bd2 Rd8 37. Rhe3 Kf8 38. h3 Nc6 39. Be1 Rd1 40. Kh2 Ra1
41. Bh4 Rf1 42. g4 Rf3 43. Bxf6 Rxe3 44. Rxe3 Ne7 45. Bxe7+ Kxe7 46. Kg3 Kf6
47. Kf4 b6 48. g5+ Kg7 49. h4 Kh7 50. h5 b5 51. g6+ fxg6 52. hxg6+ Kg7 53. Kg5
Rc6 54. Rh3 Rd6 55. f6+ Kg8 56. f7+ Kg7 57. Rh7+ Kf8 58. Rh8+ 1-0

[Event "Alekhine"]
[Site "Gatineau CAN"]
[Date "2023.01.17"]
[Round "1"]
[White "Godbout, Elliott"]
[Black "Scantland, Patrick"]
[Result "1-0"]
[ECO "D70"]
[WhiteElo "1445"]
[BlackElo "1719"]
[PlyCount "81"]
[EventDate "2023.01.17"]
[EventType "swiss"]
[EventRounds "7"]
[EventCountry "CAN"]
[TimeControl "90+30"]

1. d4 Nf6 2. c4 g6 3. Nf3 d5 4. e3 Bg7 5. Be2 O-O 6. O-O b6 7. Nc3 c5 8. dxc5
bxc5 9. cxd5 Bb7 10. Qb3 Qb6 11. Qxb6 axb6 12. e4 Nbd7 13. Bc4 Ra5 14. a4 Rd8
15. Bf4 Ne8 16. Rad1 Nd6 17. Bxd6 exd6 18. Nd2 Ba6 19. Bxa6 Rxa6 20. Ndb1 Ne5
21. b3 c4 22. b4 Nd3 23. b5 Nb2 24. bxa6 Nxd1 25. Rxd1 Ra8 26. Nb5 Rxa6 27.
N1c3 Kf8 28. f4 Ra8 29. Kf2 Ke7 30. Ke3 Kd7 31. g4 Rd8 32. f5 Bh6+ 33. Kf3 gxf5
34. gxf5 Bg7 35. Rc1 Be5 36. Ne2 Rc8 37. Ned4 c3 38. Nc6 Bxh2 39. Nxc3 h5 40.
Rh1 Be5 41. Nxe5+ 1-0

[Event "Alekhine"]
[Site "Gatineau CAN"]
[Date "2023.01.17"]
[Round "1"]
[White "Guimond, Michel"]
[Black "Masse-Garneau, Anthony"]
[Result "1-0"]
[ECO "B33"]
[WhiteElo "1879"]
[BlackElo "1560"]
[PlyCount "57"]
[EventDate "2023.01.17"]
[EventType "swiss"]
[EventRounds "7"]
[EventCountry "CAN"]
[TimeControl "90+30"]

1. e4 c5 2. Nf3 e6 3. d4 cxd4 4. Nxd4 Nf6 5. Nc3 Nc6 6. Ndb5 d6 7. Bf4 e5 8.
Bg5 a6 9. Na3 Be7 10. Bxf6 gxf6 11. Nd5 Be6 12. c3 Rc8 13. Nc2 Nb8 14. Nce3 Nd7
15. Bc4 b5 16. Bb3 Nc5 17. f3 Nxb3 18. axb3 a5 19. O-O Bd7 20. f4 Bc6 21. Nxe7
Kxe7 22. fxe5 dxe5 23. Qf3 Kf8 24. Rad1 Qe7 25. Qh3 Rd8 26. Qh6+ Ke8 27. Nf5
Qc5+ 28. Kh1 Bxe4 29. Ng7+ 1-0

[Event "Alekhine"]
[Site "Gatineau CAN"]
[Date "2023.01.17"]
[Round "1"]
[White "MacIsaac, Alexandre"]
[Black "Azar, Sebastien"]
[Result "1/2-1/2"]
[ECO "B56"]
[WhiteElo "1681"]
[BlackElo "2035"]
[PlyCount "62"]
[EventDate "2023.01.17"]
[EventType "swiss"]
[EventRounds "7"]
[EventCountry "CAN"]
[TimeControl "90+30"]

1. e4 c5 2. Nf3 d6 3. d4 cxd4 4. Nxd4 Nf6 5. Nc3 Nc6 6. Be3 Ng4 7. Bb5 Nxe3 8.
Nxc6 Nxd1 9. Nxd8+ Kxd8 10. Rxd1 e6 11. e5 a6 12. Bc4 Kc7 13. f4 Bd7 14. exd6+
Bxd6 15. Ne4 Be7 16. Ng5 Raf8 17. O-O Bc6 18. Nf3 Rd8 19. Ne5 Rhf8 20. Nxc6
Kxc6 21. Be2 Bf6 22. b3 g6 23. Bf3+ Kc7 24. Rxd8 Rxd8 25. Rd1 Re8 26. g4 Be7
27. Kg2 b5 28. Rd3 Rc8 29. Rc3+ Kb8 30. Rxc8+ Kxc8 31. Bc6 Kd8 1/2-1/2

[Event "Alekhine"]
[Site "Gatineau CAN"]
[Date "2023.01.17"]
[Round "1"]
[White "Palsson, Halldor"]
[Black "Filion, Yves"]
[Result "1-0"]
[ECO "D53"]
[WhiteElo "1920"]
[BlackElo "1607"]
[PlyCount "73"]
[EventDate "2023.01.17"]
[EventType "swiss"]
[EventRounds "7"]
[EventCountry "CAN"]
[TimeControl "90+30"]

1. d4 d5 2. c4 e6 3. Nc3 Nf6 4. Bg5 Be7 5. e3 Nc6 6. Nf3 h6 7. Bh4 b6 8. Qa4
Bd7 9. Bxf6 Bxf6 10. cxd5 Nxd4 11. Qd1 Nxf3+ 12. Qxf3 Bxc3+ 13. bxc3 O-O 14.
Be2 Qe7 15. O-O Qc5 16. c4 c6 17. e4 e5 18. Qc3 Qe7 19. f4 f6 20. f5 Qc5+ 21.
Kh1 cxd5 22. exd5 b5 23. Rac1 Rac8 24. Qd2 bxc4 25. Rxc4 Qd6 26. Rg4 Kh8 27.
Rh4 Kh7 28. Rh3 Rh8 29. Rg3 Qe7 30. Bd3 Qf7 31. Be4 Qf8 32. h3 Qc5 33. Qe2 Be8
34. Qg4 Rc7 35. Kh2 Qf2 36. d6 Rc1 37. Qxg7# 1-0

[Event "Alekhine"]
[Site "Gatineau CAN"]
[Date "2023.01.17"]
[Round "1"]
[White "Pestieau, Gabriel"]
[Black "Arsenault, Michel"]
[Result "0-1"]
[ECO "E19"]
[WhiteElo "1576"]
[BlackElo "1888"]
[PlyCount "88"]
[EventDate "2023.01.17"]
[EventType "swiss"]
[EventRounds "7"]
[EventCountry "CAN"]
[TimeControl "90+30"]

1. d4 Nf6 2. c4 e6 3. Nf3 b6 4. g3 Bb7 5. Bg2 Be7 6. O-O O-O 7. Nc3 Ne4 8. Qc2
Nxc3 9. bxc3 f5 10. Rd1 Qe8 11. Bf4 d6 12. Qb3 Bf6 13. c5 Qe7 14. cxd6 cxd6 15.
h4 Kh8 16. Rd2 Nc6 17. Rad1 Na5 18. Qb4 Rfd8 19. Kh2 Rac8 20. Rc2 Nc4 21. Bh3
a5 22. Qb3 Bd5 23. Ng5 Ne3 24. c4 Nxc2 25. cxd5 Nxd4 26. Qxb6 Nxe2 27. Bxd6
Rxd6 28. Qxd6 Bxg5 29. dxe6 Rd8 30. Qxd8+ Qxd8 31. Rxd8+ Bxd8 32. Bxf5 Nc3 33.
Bc2 Nxa2 34. f4 Nc3 35. g4 a4 36. g5 a3 37. Bb3 a2 38. Bxa2 Nxa2 39. f5 h6 40.
gxh6 gxh6 41. h5 Kg7 42. Kg3 Kf6 43. Kf4 Nc3 44. Kg4 Nd5 0-1

[Event "Alekhine"]
[Site "Gatineau CAN"]
[Date "2023.01.17"]
[Round "1"]
[White "Seguin, Hubert"]
[Black "Groleau, Gilles"]
[Result "0-1"]
[ECO "B80"]
[WhiteElo "1528"]
[BlackElo "1864"]
[PlyCount "122"]
[EventDate "2023.01.17"]
[EventType "swiss"]
[EventRounds "7"]
[EventCountry "CAN"]
[TimeControl "90+30"]

1. e4 c5 2. Nc3 e6 3. g3 Nc6 4. Bg2 Nf6 5. d3 Be7 6. Nf3 d6 7. O-O a6 8. a4 O-O
9. Re1 Qc7 10. d4 cxd4 11. Nxd4 Bd7 12. h3 Rac8 13. Be3 Nxd4 14. Bxd4 e5 15.
Nd5 Nxd5 16. exd5 Qxc2 17. Qxc2 Rxc2 18. Bc3 Rc8 19. Be4 R2xc3 20. bxc3 Bxh3
21. Rec1 Rc7 22. c4 Bc8 23. f3 f5 24. Bd3 Kf7 25. Kg2 h6 26. Re1 Bf6 27. Rab1
Ke7 28. Re2 g6 29. Rh1 Bg5 30. f4 Bf6 31. fxe5 Bxe5 32. Rxh6 Kf6 33. Rh1 Rc5
34. Rb1 Ra5 35. Rb4 Bd4 36. Re8 Rc5 37. Rxc8 Rxc8 38. Rxb7 Bc5 39. Rb1 Re8 40.
Rd1 Re3 41. Kh2 Ke5 42. Kg2 g5 43. Kh2 f4 44. gxf4+ gxf4 45. Kg2 Kd4 46. Bf1+
Kc3 47. Rb1 Kc2 48. Rb8 a5 49. Rf8 Rg3+ 50. Kh2 Bg1+ 51. Kh1 Be3 52. Kh2 Rf3
53. Kg2 Rf2+ 54. Kg1 Kb3 55. Rh8 Kxa4 56. Rh2 Rxh2+ 57. Kxh2 Kb4 58. Kg2 a4 59.
Bd3 Kc3 60. Bb1 Kb2 61. Bd3 Bc5 0-1

[Event "Alekhine"]
[Site "Gatineau CAN"]
[Date "2023.01.24"]
[Round "2"]
[White "Groleau, Gilles"]
[Black "Godbout, Elliott"]
[Result "1-0"]
[ECO "C86"]
[WhiteElo "1864"]
[BlackElo "1445"]
[PlyCount "61"]
[EventDate "2023.01.17"]
[EventType "swiss"]
[EventRounds "7"]
[EventCountry "CAN"]
[TimeControl "90+30"]

1. e4 e5 2. Nf3 Nc6 3. Bb5 a6 4. Ba4 Nf6 5. Qe2 d6 6. O-O Be7 7. c3 b5 8. Bb3
Bb7 9. d3 h6 10. Re1 O-O 11. Nbd2 Qd7 12. Nf1 d5 13. exd5 Nxd5 14. Nxe5 Nxe5
15. Qxe5 Bd6 16. Qh5 Nf6 17. Qh3 Qxh3 18. gxh3 Rae8 19. Bd2 Nh5 20. Ng3 Bf4 21.
Be3 Bxe3 22. fxe3 Re5 23. d4 Rg5 24. Kf2 Bc8 25. h4 Rg4 26. Nxh5 Rxh4 27. Nf4
Rxh2+ 28. Ng2 Re8 29. Kg1 Rh3 30. Rf1 Rf8 31. Rxf7 1-0

[Event "Alekhine"]
[Site "Gatineau CAN"]
[Date "2023.01.24"]
[Round "2"]
[White "Scrieciu, Cristian"]
[Black "Pestieau, Gabriel"]
[Result "0-1"]
[ECO "D08"]
[WhiteElo "1467"]
[BlackElo "1576"]
[PlyCount "98"]
[EventDate "2023.01.17"]
[EventType "swiss"]
[EventRounds "7"]
[EventCountry "CAN"]
[TimeControl "90+30"]

1. d4 d5 2. c4 e5 3. dxe5 d4 4. Nf3 Nc6 5. Nbd2 Bg4 6. Nb3 Bb4+ 7. Bd2 Bxf3 8.
exf3 Nge7 9. Bxb4 Nxb4 10. a3 Nbc6 11. f4 Ng6 12. Qg4 h5 13. Qg3 Qd7 14. Bd3 h4
15. Qg5 Nce7 16. Bxg6 Nxg6 17. h3 Qa4 18. Nd2 Qc2 19. Rb1 O-O 20. Qg4 Rae8 21.
b4 Nxe5 22. fxe5 Rxe5+ 23. Kf1 Qxd2 24. Qd1 Qxd1+ 25. Rxd1 Rd8 26. Rd3 c5 27.
b5 Rde8 28. Kg1 Re1+ 29. Kh2 Rxh1+ 30. Kxh1 Re1+ 31. Kh2 Rc1 32. g3 hxg3+ 33.
Kxg3 Rxc4 34. Kf4 Kf8 35. Ke4 Ke7 36. f3 f6 37. f4 g6 38. h4 Ke6 39. Rd1 f5+
40. Kd3 Rc3+ 41. Kd2 Rxa3 42. Rb1 b6 43. h5 gxh5 44. Rh1 c4 45. Rxh5 d3 46.
Rh6+ Kd5 47. Rh5 Ke4 48. Rh4 c3+ 49. Ke1 d2+ 0-1

[Event "Alekhine"]
[Site "Gatineau CAN"]
[Date "2023.01.31"]
[Round "3"]
[White "Azar, Sebastien"]
[Black "Jacques, Olivier"]
[Result "1-0"]
[ECO "D00"]
[WhiteElo "2035"]
[BlackElo "1291"]
[PlyCount "147"]
[EventDate "2023.01.17"]
[EventType "swiss"]
[EventRounds "7"]
[EventCountry "CAN"]
[TimeControl "90+30"]

1. a3 d5 2. d4 c6 3. Nf3 Nf6 4. g3 Bf5 5. Bg2 h6 6. O-O e6 7. c4 Bd6 8. Nc3 O-O
9. Re1 Nbd7 10. Bf4 Bxf4 11. gxf4 Ne4 12. Rc1 Ndf6 13. Ne5 Nh5 14. e3 Qh4 15.
Nxe4 dxe4 16. f3 Nf6 17. Qe2 exf3 18. Nxf3 Qg4 19. Ne5 Qxe2 20. Rxe2 Ne4 21.
Bxe4 Bxe4 22. Nd7 Rfd8 23. Nc5 Bg6 24. Nxb7 Rdb8 25. Na5 Be4 26. c5 f5 27. b4
Kf7 28. Kf2 Kf6 29. Rg1 g5 30. Rd2 g4 31. Rg3 h5 32. h4 Bd5 33. Rg1 a6 34. Kg3
Ra7 35. Rb2 Rb6 36. Rgb1 Be4 37. Rc1 Bd5 38. Rc3 Ra8 39. a4 Rbb8 40. Nc4 Bxc4
41. Rxc4 Rb7 42. Rc1 Rab8 43. Rcb1 Ke7 44. Kf2 Kd7 45. Ke2 a5 46. b5 Kc7 47.
Kd3 Kc8 48. e4 Kc7 49. exf5 exf5 50. Kc4 g3 51. Rg1 Rg8 52. Rbg2 Rg4 53. Rxg3
Rb8 54. b6+ Kd7 55. Rxg4 fxg4 56. d5 Re8 57. Kd4 Re2 58. Rb1 Re8 59. f5 Rf8 60.
f6 g3 61. Rg1 Rxf6 62. Rxg3 cxd5 63. Ke5 Rf7 64. Rg8 d4 65. Kxd4 Kc6 66. Rc8+
Kb7 67. Rc7+ Rxc7 68. bxc7 Kxc7 69. Kd5 Kd7 70. c6+ Kc7 71. Kc5 Kc8 72. Kc4 Kc7
73. Kb5 Kd6 74. Kb6 1-0

[Event "Alekhine"]
[Site "Gatineau CAN"]
[Date "2023.01.31"]
[Round "3"]
[White "Brault, Jean-Francois"]
[Black "Filion, Jean"]
[Result "1-0"]
[ECO "A13"]
[WhiteElo "1461"]
[BlackElo "900"]
[PlyCount "81"]
[EventDate "2023.01.17"]
[EventType "swiss"]
[EventRounds "7"]
[EventCountry "CAN"]
[TimeControl "60+30"]

1. Nf3 e6 2. c4 Qf6 3. d4 Bb4+ 4. Bd2 Bxd2+ 5. Nbxd2 d5 6. e3 Nh6 7. Be2 O-O 8.
O-O c6 9. c5 Nd7 10. h3 Nf5 11. Bd3 Nh4 12. Qc2 g6 13. Rae1 Nxf3+ 14. Nxf3 e5
15. Nxe5 Nxe5 16. dxe5 Qxe5 17. e4 Qg5 18. Re3 d4 19. Rg3 Qh4 20. Bc4 b6 21. b4
b5 22. Bb3 a5 23. a3 a4 24. Ba2 Bd7 25. Qd3 Qf6 26. Rd1 Be6 27. Bxe6 fxe6 28.
Qxd4 e5 29. Qe3 Rad8 30. Rxd8 Rxd8 31. Qe2 Qh4 32. Rd3 Rxd3 33. Qxd3 Qe7 34. g3
Kg7 35. Kg2 h5 36. Qc3 h4 37. f4 Qe6 38. Qxe5+ Qxe5 39. fxe5 hxg3 40. Kxg3 Kf7
41. Kg4 1-0

[Event "Alekhine"]
[Site "Gatineau CAN"]
[Date "2023.01.31"]
[Round "3"]
[White "Groleau, Gilles"]
[Black "Latreille, Etienne"]
[Result "0-1"]
[ECO "B31"]
[WhiteElo "1864"]
[BlackElo "2082"]
[PlyCount "46"]
[EventDate "2023.01.17"]
[EventType "swiss"]
[EventRounds "7"]
[EventCountry "CAN"]
[TimeControl "90+30"]

1. e4 c5 2. Nf3 Nc6 3. Bb5 g6 4. O-O Bg7 5. Re1 e5 6. Nc3 Nge7 7. Bf1 O-O 8. d3
h6 9. Be3 d6 10. g3 f5 11. Bg2 f4 12. Bd2 g5 13. Nd5 Be6 14. c4 Ng6 15. Bc3 Qd7
16. gxf4 Nxf4 17. Nxf4 Rxf4 18. Bd2 Rf6 19. h4 Bg4 20. hxg5 hxg5 21. Bxg5 Bxf3
22. Bxf3 Rg6 23. Qd2 Qe7 0-1

[Event "Alekhine"]
[Site "Gatineau CAN"]
[Date "2023.01.31"]
[Round "3"]
[White "Guimond, Michel"]
[Black "Desjardins, Michel"]
[Result "1/2-1/2"]
[ECO "B01"]
[WhiteElo "1879"]
[BlackElo "1852"]
[PlyCount "41"]
[EventDate "2023.01.17"]
[EventType "swiss"]
[EventRounds "7"]
[EventCountry "CAN"]
[TimeControl "90+30"]

1. e4 d5 2. exd5 Qxd5 3. Nc3 Qd6 4. d4 Nf6 5. Bc4 g6 6. Nge2 a6 7. Bf4 Qd7 8.
Qd2 b5 9. Bb3 Bb7 10. f3 c5 11. dxc5 Qxd2+ 12. Bxd2 Nbd7 13. Be3 e6 14. O-O-O
Bxc5 15. Bh6 Bf8 16. Bxf8 Rxf8 17. a4 b4 18. Na2 a5 19. Nd4 Nc5 20. Bc4 O-O-O
21. c3 1/2-1/2

[Event "Alekhine"]
[Site "Gatineau CAN"]
[Date "2023.01.31"]
[Round "3"]
[White "Marghetis, Aris"]
[Black "Seguin, Hubert"]
[Result "1-0"]
[ECO "B26"]
[WhiteElo "1806"]
[BlackElo "1528"]
[PlyCount "89"]
[EventDate "2023.01.17"]
[EventType "swiss"]
[EventRounds "7"]
[EventCountry "CAN"]
[TimeControl "90+30"]

1. e4 c5 2. Nc3 d6 3. g3 g6 4. Bg2 Bg7 5. d3 Nc6 6. Be3 Nf6 7. h3 O-O 8. Qd2
Rb8 9. Bh6 b5 10. Bxg7 Kxg7 11. f4 e5 12. f5 Nd4 13. g4 b4 14. Nd1 Bb7 15. Ne3
d5 16. c3 bxc3 17. bxc3 Nb5 18. g5 Nh5 19. Ne2 dxe4 20. f6+ Kg8 21. Bxe4 Bxe4
22. dxe4 Qa5 23. Nc4 Qc7 24. h4 Rfd8 25. Qe3 Rd7 26. a4 Nf4 27. Nxf4 exf4 28.
Qf3 Nd6 29. Ne5 Re8 30. Nxd7 Nxe4 31. O-O Ng3 32. Rf2 Qxd7 33. Kh2 Nh5 34. Re2
Rd8 35. Re7 Qd2+ 36. Qe2 Qxe2+ 37. Rxe2 h6 38. Rae1 Rd5 39. Re5 Rd3 40. Rxc5
Rd2+ 41. Kh3 Rd3+ 42. Kg2 Rg3+ 43. Kf2 Rh3 44. Rc8+ Kh7 45. Ree8 1-0

[Event "Alekhine"]
[Site "Gatineau CAN"]
[Date "2023.01.31"]
[Round "3"]
[White "Palsson, Halldor"]
[Black "Pestieau, Gabriel"]
[Result "1-0"]
[ECO "D85"]
[WhiteElo "1920"]
[BlackElo "1576"]
[PlyCount "137"]
[EventDate "2023.01.17"]
[EventType "swiss"]
[EventRounds "7"]
[EventCountry "CAN"]
[TimeControl "90+30"]

1. d4 Nf6 2. c4 g6 3. Nc3 d5 4. cxd5 Nxd5 5. e4 Nxc3 6. bxc3 Bg7 7. Nf3 c5 8.
Rb1 O-O 9. Be2 Nc6 10. d5 Bxc3+ 11. Bd2 Bxd2+ 12. Qxd2 Nb4 13. a3 Na6 14. Qh6
Qa5+ 15. Kf1 Qc3 16. e5 f6 17. h4 Bg4 18. Rc1 Qxa3 19. Bc4 b5 20. Bxb5 Bxf3 21.
gxf3 fxe5 22. Rh3 Rf4 23. Re1 c4 24. h5 Qd3+ 25. Kg2 Rf6 26. Rxe5 gxh5 27. Rg5+
Rg6 28. Rhxh5 Kf7 29. Qxh7+ Kf6 30. f4 Rag8 31. Bxa6 Rxg5+ 32. fxg5+ Rxg5+ 33.
Kh2 Qxh7 34. Rxh7 c3 35. Rh3 Rxd5 36. Rxc3 Ra5 37. Bc8 Ra1 38. Rc6+ Kf7 39. Ba6
Ke8 40. Rh6 Kf7 41. Kg3 Kg7 42. Rc6 Kf7 43. Kg4 Ke8 44. f4 Kf7 45. f5 Ke8 46.
Bc8 a5 47. Be6 Kf8 48. Kf4 Rf1+ 49. Ke3 a4 50. Rc8+ Kg7 51. Rg8+ Kf6 52. Kd4
Re1 53. Kc3 a3 54. Ra8 Ra1 55. Rf8+ Ke5 56. Ra8 Kd6 57. Ra4 Kc5 58. Kb3 Kc6 59.
Rxa3 Rxa3+ 60. Kxa3 Kc7 61. Kb4 Kb6 62. Kc4 Kc6 63. Kd4 Kd6 64. Bd5 Kd7 65. Kc5
Ke8 66. Kc6 Kd8 67. Be6 Ke8 68. Kc7 Kf8 69. Kd8 1-0

[Event "Alekhine"]
[Site "Gatineau CAN"]
[Date "2023.01.31"]
[Round "3"]
[White "Scantland, Patrick"]
[Black "Filion, Yves"]
[Result "1-0"]
[ECO "A90"]
[WhiteElo "1709"]
[BlackElo "1607"]
[PlyCount "59"]
[EventDate "2023.01.17"]
[EventType "swiss"]
[EventRounds "7"]
[EventCountry "CAN"]
[TimeControl "90+30"]

1. d4 d5 2. c4 e6 3. Nc3 f5 4. cxd5 exd5 5. g3 Nf6 6. Bg2 c6 7. Bg5 h6 8. Bxf6
Qxf6 9. Qc2 Bb4 10. e3 O-O 11. Nge2 g5 12. O-O-O Be6 13. h4 g4 14. Nf4 Bd6 15.
Kb1 Nd7 16. Qb3 Nb6 17. Nce2 Rfc8 18. e4 fxe4 19. Bxe4 Bf5 20. Bd3 Bxf4 21.
Nxf4 Bxd3+ 22. Qxd3 Re8 23. Rhe1 Nc4 24. Re2 Rxe2 25. Qxe2 Qf5+ 26. Kc1 Kf7 27.
Re1 Qf6 28. Qxg4 Kf8 29. Re6 Qg7 30. Qf5+ 1-0

[Event "Alekhine"]
[Site "Gatineau CAN"]
[Date "2023.02.07"]
[Round "4"]
[White "Arsenault, Michel"]
[Black "Brault, Jean-Francois"]
[Result "1-0"]
[ECO "A36"]
[WhiteElo "1888"]
[BlackElo "1461"]
[PlyCount "67"]
[EventDate "2023.01.17"]
[EventType "swiss"]
[EventRounds "7"]
[EventCountry "CAN"]
[TimeControl "90+30"]

1. c4 c5 2. g3 g6 3. Bg2 Bg7 4. Nc3 Nc6 5. e3 e6 6. Nge2 Nge7 7. d4 cxd4 8.
Nxd4 a6 9. Nde2 O-O 10. Rb1 Rb8 11. O-O b6 12. b3 Bb7 13. Ba3 Ne5 14. e4 f5 15.
f4 N5c6 16. e5 Rf7 17. Qd3 Bf8 18. Bd6 Kg7 19. Bxb8 Qxb8 20. Rfd1 Nc8 21. h3
Nb4 22. Qd2 Bxg2 23. Kxg2 d6 24. Nd4 Qb7+ 25. Kh2 Qd7 26. Qg2 Na7 27. Rd2 Nbc6
28. Nc2 Qc7 29. exd6 Bxd6 30. Rbd1 Nc8 31. Rd3 Nb4 32. Rxd6 Nxd6 33. Nxb4 Nb5
34. Nxa6 1-0

[Event "Alekhine"]
[Site "Gatineau CAN"]
[Date "2023.02.07"]
[Round "4"]
[White "Jacques, Olivier"]
[Black "Seguin, Hubert"]
[Result "0-1"]
[ECO "B51"]
[WhiteElo "1291"]
[BlackElo "1528"]
[PlyCount "52"]
[EventDate "2023.01.17"]
[EventType "swiss"]
[EventRounds "7"]
[EventCountry "CAN"]
[TimeControl "90+30"]

1. e4 c5 2. Nf3 d6 3. Bb5+ Nc6 4. O-O a6 5. Be2 b5 6. d4 cxd4 7. Nxd4 Bd7 8.
Nc3 Nf6 9. Bg5 e6 10. Bf3 Ne5 11. Re1 Be7 12. Qd2 O-O 13. Rad1 Ne8 14. Bf4 Nc4
15. Nxe6 Nxd2 16. Nxd8 Nxf3+ 17. gxf3 Rxd8 18. Kh1 Bc6 19. Rg1 f5 20. Nd5 Bxd5
21. exd5 Bf6 22. c3 Nc7 23. Bg5 Bxg5 24. Rxg5 Rde8 25. h4 Re5 26. Rdg1 Ne8 0-1

[Event "Alekhine"]
[Site "Gatineau CAN"]
[Date "2023.02.07"]
[Round "4"]
[White "Latreille, Etienne"]
[Black "Guimond, Michel"]
[Result "1-0"]
[ECO "C06"]
[WhiteElo "2082"]
[BlackElo "1879"]
[PlyCount "115"]
[EventDate "2023.01.17"]
[EventType "swiss"]
[EventRounds "7"]
[EventCountry "CAN"]
[TimeControl "90+30"]

1. e4 e6 2. d4 d5 3. Nd2 Nf6 4. e5 Nfd7 5. Bd3 c5 6. c3 Nc6 7. Ne2 b6 8. O-O
Bb7 9. f4 g6 10. Nf3 h6 11. Bd2 c4 12. Bc2 Qc7 13. b3 Na5 14. Qb1 O-O-O 15. Bc1
Kb8 16. Nd2 f5 17. a4 Be7 18. b4 Nc6 19. Ba3 Rde8 20. b5 Na5 21. Bb4 Bc8 22.
Qa2 g5 23. Qa3 Nf8 24. Rf2 Kb7 25. Nf1 Ng6 26. Re1 gxf4 27. Nxf4 Nxf4 28. Rxf4
Bg5 29. Rf3 h5 30. Rb1 Rhg8 31. Bd1 h4 32. h3 Qg7 33. Rf2 Be7 34. Bh5 Bxb4 35.
cxb4 Nb3 36. Rxb3 cxb3 37. Bxe8 Rxe8 38. Qxb3 Bd7 39. Rc2 Rc8 40. Nd2 Qe7 41.
Rxc8 Kxc8 42. Qc3+ Kb7 43. Nf3 Kb8 44. Qe1 a6 45. bxa6 Bxa4 46. Nxh4 Bb5 47.
Nf3 Ka7 48. Qc3 Bxa6 49. h4 Bc4 50. Ng5 Ka6 51. Qd2 Qe8 52. h5 Qxh5 53. Nxe6
Qg6 54. Nf4 Qg5 55. Qe3 Qe7 56. Qa3+ Kb5 57. e6 Kc6 58. b5+ 1-0

[Event "Alekhine"]
[Site "Gatineau CAN"]
[Date "2023.02.07"]
[Round "4"]
[White "Pestieau, Gabriel"]
[Black "Blais, Robert"]
[Result "0-1"]
[ECO "D10"]
[WhiteElo "1576"]
[BlackElo "1464"]
[PlyCount "62"]
[EventDate "2023.01.17"]
[EventType "swiss"]
[EventRounds "7"]
[EventCountry "CAN"]
[TimeControl "90+30"]

1. d4 d5 2. c4 c6 3. Nc3 Bf5 4. Qb3 Qd7 5. cxd5 cxd5 6. Qxd5 Nc6 7. e4 Qxd5 8.
Nxd5 Bxe4 9. Nc7+ Kd7 10. Nxa8 Nxd4 11. Kd1 Nc2 12. f3 Bg6 13. Bb5+ Kc8 14. Bf4
Nxa1 15. Ne2 f6 16. Kd2 e5 17. Rxa1 Bb4+ 18. Kd1 exf4 19. Rc1+ Kb8 20. Nc7 Bf7
21. Nxf4 Ne7 22. Nfe6 Bd6 23. Bd7 Bxc7 24. Nxc7 Rd8 25. Nb5 Rxd7+ 26. Ke1 a6
27. Nc3 Nc6 28. Ne4 Bxa2 29. Nc5 Rd6 30. b3 Nb4 31. Ra1 Nc2+ 0-1

[Event "Alekhine"]
[Site "Gatineau CAN"]
[Date "2023.02.07"]
[Round "4"]
[White "Rioux, Jocelyn"]
[Black "Thompson, Francis"]
[Result "0-1"]
[ECO "A45"]
[WhiteElo "1618"]
[BlackElo "1741"]
[PlyCount "54"]
[EventDate "2023.01.17"]
[EventType "swiss"]
[EventRounds "7"]
[EventCountry "CAN"]
[TimeControl "90+30"]

1. d4 Nf6 2. Bf4 g6 3. e3 Bg7 4. Nc3 c5 5. d5 d6 6. Nf3 O-O 7. Be2 Nh5 8. Bg3
b5 9. Bxb5 Qa5 10. Be2 Bxc3+ 11. bxc3 Qxc3+ 12. Nd2 Nxg3 13. hxg3 Bf5 14. g4
Be4 15. Bf3 Bxf3 16. gxf3 Nd7 17. O-O Rfb8 18. Ne4 Qc4 19. Qd3 Qxd3 20. cxd3
Ne5 21. Kg2 Nxd3 22. Rh1 Kg7 23. g5 Rb2 24. Rhd1 Nb4 25. a4 Nc2 26. Rab1 Nxe3+
27. Kg3 Nxd1 0-1

[Event "Alekhine"]
[Site "Gatineau CAN"]
[Date "2023.02.14"]
[Round "5"]
[White "Arsenault, Michel"]
[Black "Azar, Sebastien"]
[Result "0-1"]
[ECO "B24"]
[WhiteElo "1888"]
[BlackElo "2035"]
[PlyCount "98"]
[EventDate "2023.01.17"]
[EventType "swiss"]
[EventRounds "7"]
[EventCountry "CAN"]
[TimeControl "90+30"]

1. e4 c5 2. Nc3 Nc6 3. g3 g6 4. Bg2 Bg7 5. d3 e6 6. f4 Nge7 7. Nf3 O-O 8. O-O
Nd4 9. Be3 d5 10. Bf2 Rb8 11. Nxd4 cxd4 12. Ne2 Nc6 13. e5 f6 14. Nxd4 fxe5 15.
Nxc6 bxc6 16. fxe5 Bxe5 17. d4 Bg7 18. b3 Qb6 19. c3 Ba6 20. Re1 Rxf2 21. Kxf2
e5 22. Kg1 exd4 23. Re6 dxc3+ 24. Kh1 Rd8 25. Qe1 Bc8 26. Re8+ Bf8 27. Qe7 Rxe8
28. Qxe8 Bf5 29. Rf1 h5 30. h3 Qc7 31. g4 hxg4 32. hxg4 Qh7+ 33. Kg1 Qd7 34.
Qb8 Qc8 35. Qf4 Bc5+ 36. Kh1 Be6 37. Qf6 Qe8 38. Re1 c2 39. Qc3 Qe7 40. Bh3 Qh4
41. Kg2 Qf2+ 42. Kh1 Bd6 43. Bg2 Bc5 44. Kh2 Qh4+ 45. Bh3 Bxg4 46. Rf1 Qxh3+
47. Qxh3 Bd6+ 48. Kg2 Bxh3+ 49. Kxh3 Bf4 0-1

[Event "Alekhine"]
[Site "Gatineau CAN"]
[Date "2023.02.14"]
[Round "5"]
[White "Blais, Robert"]
[Black "Bastien, Andre"]
[Result "0-1"]
[ECO "C50"]
[WhiteElo "1464"]
[BlackElo "1766"]
[PlyCount "68"]
[EventDate "2023.01.17"]
[EventType "swiss"]
[EventRounds "7"]
[EventCountry "CAN"]
[TimeControl "90+30"]

1. e4 e5 2. Nf3 Nc6 3. Bc4 Bc5 4. d3 Nf6 5. Bg5 h6 6. Bh4 Be7 7. Nc3 d6 8. h3
O-O 9. Qd2 Na5 10. Bb3 Nxb3 11. axb3 Re8 12. O-O c5 13. Bg3 Be6 14. Ne1 g5 15.
h4 Nh5 16. Bh2 Kg7 17. Ne2 Qd7 18. hxg5 hxg5 19. Ng3 Nf4 20. Ne2 Ng6 21. Nf3 f6
22. c3 Bg4 23. Qe3 Rh8 24. Ne1 Rh6 25. f3 Be6 26. Bg3 Bd8 27. c4 f5 28. exf5
Bxf5 29. Nc3 Nf4 30. Ne4 Be7 31. Kf2 a6 32. Nc2 Rah8 33. b4 Kg6 34. Qd2 d5 0-1

[Event "Alekhine"]
[Site "Gatineau CAN"]
[Date "2023.02.14"]
[Round "5"]
[White "Brault, Jean-Francois"]
[Black "Scantland, Patrick"]
[Result "1-0"]
[ECO "A28"]
[WhiteElo "1461"]
[BlackElo "1719"]
[PlyCount "37"]
[EventDate "2023.01.17"]
[EventType "swiss"]
[EventRounds "7"]
[EventCountry "CAN"]
[TimeControl "90+30"]

1. Nf3 Nf6 2. c4 Nc6 3. Nc3 e5 4. d3 Bb4 5. Bd2 O-O 6. e3 d6 7. Be2 Re8 8. O-O
h6 9. Nd5 Bxd2 10. Qxd2 e4 11. Nxf6+ Qxf6 12. Ne1 exd3 13. Nxd3 Bf5 14. Bf3
Bxd3 15. Bxc6 Bxf1 16. Bxe8 Bxc4 17. Ba4 b5 18. Bc2 Qxb2 19. Bh7+ 1-0

[Event "Alekhine"]
[Site "Gatineau CAN"]
[Date "2023.02.14"]
[Round "5"]
[White "Cotillard, Tristan"]
[Black "Pestieau, Gabriel"]
[Result "0-1"]
[ECO "B13"]
[WhiteElo "1420"]
[BlackElo "1576"]
[PlyCount "50"]
[EventDate "2023.01.17"]
[EventType "swiss"]
[EventRounds "7"]
[EventCountry "CAN"]
[TimeControl "90+30"]

1. e4 c6 2. d4 d5 3. exd5 cxd5 4. g3 Nc6 5. Bg2 Bf5 6. c3 e6 7. Nf3 Bd6 8. Nbd2
Nge7 9. Nh4 Bd3 10. Nb3 Bc4 11. Qg4 Ng6 12. Nxg6 hxg6 13. Bf4 e5 14. dxe5 Nxe5
15. Bxe5 Bxe5 16. O-O-O Rh5 17. Rhe1 Kf8 18. f4 Bf6 19. Rd2 Rxh2 20. Bxd5 Rxd2
21. Rh1 Qxd5 22. Nxd2 Qxh1+ 23. Kc2 Rd8 24. Nxc4 Qe4+ 25. Kb3 b5 0-1